 Dungeon Crawl Stone Soup version 0.28-a0-1567-g1695149f81 (webtiles) character file.

Game seed: 9780108597660117875

275 sbbq2022 the Shield-Bearer (level 6, -8/30 HPs)
             Began as a Vine Stalker Wanderer on Jan 19, 2022.
             Killed by divine providence
             ... invoked by an orc priest
              (9 damage)
             ... on level 4 of the Dungeon.
             The game lasted 00:06:34 (4730 turns).

sbbq2022 the Shield-Bearer (Vine Stalker Wanderer)  Turns: 4730, Time: 00:06:34

Health: -8/30      AC:  4    Str: 13    XL:     6   Next: 24%
Magic:  0/8        EV: 11    Int: 15    God:
Gold:   68         SH:  5    Dex: 14    Spells: 6/7 levels left

rFire   . . .      SeeInvis .   n - +3 hand axe
rCold   . . .      Faith    .   c - +0 buckler
rNeg    . . .      Spirit   +   l - +0 leather armour
rPois   .          Reflect  .   g - +0 helmet
rElec   .          Harm     .   (no cloak)
rCorr   .          Rampage  .   (no gloves)
Will    .....                   (no boots)
Stlth   ++........              (no amulet)
HPRegen 0.90/turn               (no ring)
MPRegen 0.11/turn               (no ring)

@: lethally poisoned (-8 -> -18)
A: fangs 2, regeneration 1, magic shield, antimagic bite, no potion heal 2
a: no special abilities


You were on level 4 of the Dungeon.
You visited 1 branch of the dungeon, and saw 4 of its levels.

You collected 68 gold pieces.

Inventory:

Hand Weapons
 a - a +2 hunting sling
 b - a +0 dagger
 n - a +3 hand axe (weapon)
Missiles
 d - 2 throwing nets
 i - 6 sling bullets
 k - 36 stones (quivered)
Armour
 c - a +0 buckler (worn)
 g - a +0 helmet (worn)
 l - a +0 leather armour (worn)
Scrolls
 e - 3 scrolls of identify {unknown}
 f - 2 scrolls of silence {unknown}
 j - a scroll of torment {unknown}
 p - a scroll of immolation {unknown}
 r - a scroll of fog {unknown}
Potions
 h - a potion of heal wounds
 m - a potion of cancellation {unknown}
 o - a potion of flight {unknown}
 q - a potion of brilliance {unknown}


   Skills:
 + Level 1.8 Fighting
 * Level 2.4 Short Blades
 - Level 1.7 Slings
 + Level 1.5 Armour
 + Level 1.6 Dodging
 + Level 3.1 Stealth
 + Level 3.4 Shields
 - Level 1.1 Spellcasting
 - Level 3.0 Conjurations


You had 6 spell levels left.
You knew the following spells:

 Your Spells              Type           Power      Damage    Failure   Level
a - Shock                 Conj/Air       20%        1d4       22%         1

Your spell library contained the following spells:

 Spells                   Type           Power      Damage    Failure   Level
 Conjure Flame            Conj/Fire      5%         6-21      54%         3


Dungeon Overview and Level Annotations

Branches:
Dungeon (4/15)
 Temple: D:4-7

Altars:

Annotations:
D:2 Terence


Innate Abilities, Weirdness & Mutations

You have extremely sharp teeth.
Your natural rate of healing is unusually fast.
When hurt, damage is shared between your health and your magic reserves.
Your bite disrupts and absorbs the magic of your enemies.
Potions cannot restore your health.


Message History

You see here a +0 dagger.
You hit the orc priest.
The orc priest is moderately wounded.
You hit the orc.
You feel very sick. The orc hits you but does no damage.
You are more poisoned.
You block the orc priest's attack.
You hit the orc priest.
The orc priest is heavily wounded.
You hit something. You hit the orc. x2
You feel very sick. The orc barely misses you.
The orc hits you with a +0 flail of venom.
You are more poisoned.
The orc priest barely misses you. Something hits you but does no damage.
The orc hits you with a +0 club.
The orc hits you with a +0 flail of venom.
You are lethally poisoned!
The orc priest barely misses you. Something hits you.
You closely miss the orc priest.
You bite the orc priest, but do no damage.
The orc priest is heavily wounded.
You hit something but do no damage. You hit the orc.
You kill the orc!
You hit the orc.
You kill the orc!
* * * LOW HITPOINT WARNING * * *
You feel extremely sick. The orc priest closely misses you.
Something completely misses you.
You barely miss the orc priest. You bite the orc priest. You drain its power.
You feel invigorated.
The orc priest is heavily wounded.
You miss something. You closely miss the quokka.
* * * LOW HITPOINT WARNING * * *
You feel extremely sick. The quokka misses you.
The orc priest calls down the wrath of Beogh upon you.
Beogh smites you!
You die...

###..#.###..# ......
............## ......#
#..#........#
......#.###.#........#
.....................#
#......###......<....#
#......[##...........#
......).#.............#
......r@................
.......o.......##.......
.............### #......
.........)....# ......
.........##...# ......
........?.##.## ....
.......... ....
.........###... #.#...#
##...


You could see an orc priest and a quokka.

Vanquished Creatures
  An orc priest (D:4)
  An iguana (D:3)
  Natasha (thrice) (D:3)
  An orc wizard (D:3)
  Robin (D:2)
  3 adders
  An adder skeleton (D:3)
  A worm (D:2)
  4 orcs
  5 endoplasms
  2 giant cockroaches
  12 goblins
  8 hobgoblins
  7 jackals
  2 kobolds
  3 quokkas
  6 ball pythons
  5 bats
  3 frilled lizards (D:1)
  5 rats
74 creatures vanquished.

Notes
Turn   | Place    | Note
-------+----------+-------------------------------------------
     0 | D:1      | sbbq2022 the Vine Stalker Wanderer began the quest for the
                  | Orb.
     0 | D:1      | sbbq2022 set off with the following items: a +2 hunting
                  | sling, 19 sling bullets, a +0 buckler, a +0 robe; and the
                  | following spell memorised: Shock; and the following spells
                  | available to memorise: Conjure Flame
     0 | D:1      | Reached XP level 1. HP: 9/9 MP: 3/3
   108 | D:1      | Found a faded altar of an unknown god.
   122 | D:1      | Reached XP level 2. HP: 14/14 MP: 4/4
   728 | D:1      | Reached XP level 3. HP: 17/17 MP: 5/5
   751 | D:2      | Noticed Robin
   971 | D:1      | Reached skill level 1 in Short Blades
  1992 | D:2      | Killed Robin
  1993 | D:2      | Reached skill level 1 in Fighting
  2554 | D:2      | Gained mutation: Your natural rate of healing is unusually
                  | fast. [Vine Stalker growth]
  2554 | D:2      | Reached XP level 4. HP: 22/22 MP: 4/6
  2688 | D:2      | Reached skill level 1 in Dodging
  2800 | D:2      | Noticed Terence
  2814 | D:2      | HP: 1/22 [poisoned by Terence]
  3350 | D:3      | Reached skill level 1 in Armour
  3674 | D:3      | Reached XP level 5. HP: 20/25 MP: 4/7
  3830 | D:3      | Noticed Natasha
  3837 | D:3      | Killed Natasha
  4385 | D:3      | Noticed Natasha
  4393 | D:3      | Killed Natasha
  4688 | D:3      | Noticed Natasha
  4699 | D:3      | Killed Natasha
  4700 | D:3      | Reached XP level 6. HP: 26/30 MP: 6/8
  4730 | D:4      | HP: 1/30 [poisoned by an orc]
  4730 | D:4      | Killed from afar by an orc priest

Illustrated notes

Levels and vault maps discovered:
D:1:      dpeg_arrival_rooms_a, layout_basic, chequers_ecumenical_altar_island
D:2:      layout_loops_ring, uniq_robin, uniq_terence
D:3:      layout_basic, kennysheep_decorative_pillar, kennysheep_path_1,
          uniq_natasha
D:4:      minmay_bubble_buster, layout_cave_pools, uniq_ijyb

Skill      XL: |  1  2  3  4  5 |
---------------+----------------+-----
Short Blades   | 1 2 |  2.4
Fighting       | 1 |  1.8
Stealth        | 2 3 |  3.1
Shields        | 3 |  3.4
Dodging        | 1 |  1.6
Armour         | 1 |  1.5
Slings         | |  1.7
Spellcasting   | |  1.1
Conjurations   | |  3.0

Action                   |  1- 3 |  4- 6 || total
-------------------------+-------+-------++-------
Melee: Dagger            |    64 |   117 ||   181
       Bite              |    17 |    47 ||    64
       Hand axe          |       |    55 ||    55
 Fire: Hunting sling     |    64 |     4 ||    68
 Stab: Sleeping          |     2 |     2 ||     4
Armor: Robe              |    13 |     9 ||    22
       Leather armour    |       |    43 ||    43
Dodge: Dodged            |    57 |    88 ||   145
Block: Buckler           |    20 |    31 ||    51

Table legend: (Time is in decaauts)
 A = Elapsed time spent in this place.
 B = Non-inter-level travel time spent in this place.
 C = Inter-level travel time spent in this place.
 D = Time resting spent in this place.
 E = Time spent auto-exploring this place.
 F = Levels seen in this place.
 G = Mean time per level.
                   A        B        C        D        E       F      G
               +--------+--------+--------+--------+--------+-----+--------+
         Total |   4764 |   3994 |    770 |    852 |   1861 |   4 | 1191.0 |
       Dungeon |   4764 |   3994 |    770 |    852 |   1861 |   4 | 1191.0 |
               +--------+--------+--------+--------+--------+-----+--------+

Top non-repeatable levels by time:
     D:1: 2072 daAuts
     D:3: 1387 daAuts
     D:2: 1282 daAuts
     D:4: 22 daAuts
